 Dungeon Crawl Stone Soup version 0.19.1 (webtiles) character file.

98 bombpersons the Sneak (level 4, -4/27 HPs)
             Began as a Tengu Assassin on Dec 27, 2016.
             Slain by Grinder (6 damage)
             ... while paralysed by Grinder
             ... on level 3 of the Dungeon.
             The game lasted 00:18:32 (2297 turns).

bombpersons the Sneak (Tengu Assassin)              Turns: 2297, Time: 00:18:33

Health: -4/27      AC:  7    Str: 11    XL:     4   Next: 69%
Magic:  5/5        EV:  2    Int: 11    God:
Gold:   93         SH:  0    Dex: 17    Spells: 0 memorised, 3 levels left

rFire  . . .     SeeInvis .     h - +1 whip (distort)
rCold  . . .     Gourm    .     i - +0 scale mail
rNeg   . . .     Faith    .     (no shield)
rPois  .         Spirit   .     (helmet restricted)
rElec  .         Reflect  .     d - +0 cloak
rCorr  .         Harm     .     (no gloves)
MR     .....                    (boots unavailable)
Stlth  ++........               (no amulet)
                                (no ring)
                                (no ring)

@: paralysed
A: beak, talons 3
a: no special abilities


You were on level 3 of the Dungeon.
You were very full.

You visited 1 branch of the dungeon, and saw 3 of its levels.

You collected 93 gold pieces.

Inventory:

Hand Weapons
 a - a +2 dagger
 b - a +0 blowgun
 h - a +1 whip of distortion (weapon)
Missiles
 e - 6 poisoned needles
 f - 2 curare-tipped needles
 k - a javelin (quivered)
Armour
 c - a +0 robe
 d - a +0 cloak (worn)
 i - a +0 scale mail (worn)
Jewellery
 o - an uncursed ring of magical power
Scrolls
 j - a scroll of identify
 m - a scroll of amnesia {unknown}
 p - a scroll of recharging {unknown}
Potions
 l - a potion of might
 r - a potion of cancellation
Comestibles
 n - 2 fruits
 q - a beef jerky
 s - 4 chunks of flesh


   Skills:
 + Level 2.5 Fighting
 - Level 2.9 Short Blades
 + Level 1.2 Maces & Flails
 + Level 2.6 Throwing
 + Level 2.4 Dodging
 + Level 4.4 Stealth


You had 3 spell levels left.
You didn't know any spells.

Dungeon Overview and Level Annotations

Branches:
Dungeon (3/15)

Altars:
Fedhas
Sif Muna

Annotations:
D:3 Grinder


Innate Abilities, Weirdness & Mutations

You have a beak for a mouth.
You have claws for feet.


Message History

Grinder gestures at you.
You barely resist.
Things that are here:
a javelin; a giant cockroach corpse You barely miss Grinder.
Grinder hits you but does no damage.
You hit Grinder but do no damage. Your kick misses Grinder.
Grinder blinks!
Things that are here:
a javelin; a giant cockroach corpse
k - a javelin Grinder gestures at you.
You suddenly lose the ability to move!
Grinder blinks!
Grinder hits you.
You writhe in agony.
* * * LOW HITPOINT WARNING * * *
Grinder barely misses you.
You hear the slow rusting of a distant drain.
Grinder hits you.
* * * LOW HITPOINT WARNING * * *
Grinder hits you.
You die...

#..........
#..."......
#..........
#..........
#..........
##..........
#...........
#...........
#..5@(.(....
#..)########
#...# #...#
#####...#
#.......#
#.##....#
#....########...
#...............


You could see Grinder.

Vanquished Creatures
  Jessica (D:2)
  An adder (D:2)
  2 worms (D:2)
  2 dart slugs
  A ball python (D:1)
  8 bats
  4 giant cockroaches
  6 goblins
  11 hobgoblins
  A quokka (D:3)
  2 frilled lizards
  7 kobolds
  6 rats
52 creatures vanquished.

Notes
Turn   | Place    | Note
-------+----------+-------------------------------------------
     0 | D:1      | bombpersons the Tengu Assassin began the quest for the Orb.
     0 | D:1      | Reached XP level 1. HP: 12/12 MP: 2/2
   124 | D:1      | Reached XP level 2. HP: 15/17 MP: 3/3
   680 | D:1      | Reached XP level 3. HP: 21/21 MP: 4/4
  1533 | D:2      | Found a deep blue altar of Sif Muna.
  1848 | D:2      | Reached XP level 4. HP: 26/27 MP: 5/5
  2087 | D:2      | Noticed Jessica
  2091 | D:2      | Killed Jessica
  2106 | D:2      | Reached skill level 1 in Maces & Flails
  2244 | D:3      | Found a blossoming altar of Fedhas.
  2276 | D:3      | Noticed Grinder
  2292 | D:3      | Paralysed by Grinder for 7 turns
  2297 | D:3      | Slain by Grinder

Skill      XL: |  1  2  3  4 |
---------------+-------------+-----
Dodging        | 2 |  2.4
Maces & Flails | 1 |  1.2
Fighting       | |  2.5
Short Blades   | |  2.9
Throwing       | |  2.6
Stealth        | |  4.4

Action                   |  1- 3 |  4- 6 || total
-------------------------+-------+-------++-------
Melee: Dagger            |    85 |       ||    85
       Kick              |    16 |     5 ||    21
       Peck              |    12 |       ||    12
       Whip              |     2 |    12 ||    14
 Fire: Blowgun           |    14 |       ||    14
Throw: Javelin           |     7 |    10 ||    17
       Throwing net      |     1 |       ||     1
  Use: Scroll            |     3 |     1 ||     4
 Stab: Sleeping          |     1 |       ||     1
  Eat: Chunk             |     2 |       ||     2
       Bread ration      |     1 |     1 ||     2
Armor: Robe              |     9 |       ||     9
       Scale mail        |    46 |     7 ||    53
Dodge: Dodged            |    66 |     8 ||    74
